 Dungeon Crawl Stone Soup version 0.19.5 (webtiles) character file.

135 Monsterracer the Skirmisher (level 5, -4/63 HPs)
             Began as an Ogre Chaos Knight on Aug 9, 2017.
             Killed from afar by an adder (12 damage)
             ... with an exploding inner flame
             ... hexed by the player character
             ... in a sewer.
             The game lasted 00:07:09 (2395 turns).

Monsterracer the Skirmisher (Ogre Chaos Knight)     Turns: 2395, Time: 00:07:09

Health: -4/63      AC:  6    Str: 20    XL:     5   Next: 18%
Magic:  5/5        EV: 10    Int: 11    God:    Xom [..*...]
Gold:   101        SH:  0    Dex:  9    Spells: 0 memorised, 4 levels left

rFire  + . .     SeeInvis .     a - +0 mace (chaos)
rCold  . . .     Gourm    .     b - +2 robe
rNeg   . . .     Faith    .     (no shield)
rPois  .         Spirit   .     (helmet restricted)
rElec  .         Reflect  .     (no cloak)
rCorr  .         Harm     .     (gloves unavailable)
MR     .....                    (boots unavailable)
Stlth  +.........               m - amulet of inaccuracy (curse)
                                (no ring)
                                f - ring of protection from fire

@: lethally poisoned (-4 -> -6)
A: unfitting armour, antennae 2, hooves 1, robust 1, shaggy fur 1, strong 1,
tough skin 1
a: Renounce Religion


You were in a sewer.
You worshipped Xom.
You were a toy of Xom.
You were not hungry.

You visited 1 branch of the dungeon, and saw 3 of its levels.
You also visited: Sewer.

You collected 101 gold pieces.

Inventory:

Hand Weapons
 a - a +0 mace of chaos (weapon)
Missiles
 e - 67 stones (quivered)
Armour
 b - a +2 robe (worn)
Jewellery
 f - a ring of protection from fire (left hand)
 m - a cursed amulet of inaccuracy (around neck)
Scrolls
 d - a scroll of immolation
 i - a scroll of identify
 k - 2 scrolls of teleportation
Potions
 g - a potion of mutation
 h - a potion of flight
 j - a potion of cancellation
Comestibles
 c - 2 bread rations
 l - 7 chunks of flesh


   Skills:
 * Level 5.6 Fighting
 * Level 5.3 Maces & Flails
 + Level 1.5 Throwing
 + Level 2.7 Dodging


You had 4 spell levels left.
You didn't know any spells.

Dungeon Overview and Level Annotations

Branches:
Dungeon (3/15)

Altars:
Xom


Innate Abilities, Weirdness & Mutations

You are too large for most types of armour.
You have tough skin. (AC +1)
You have a pair of antennae on your head.
You have large cloven feet.
You are robust. (+10% HP)
You are covered in fur. (AC +1)
Your muscles are strong. (Str +2)


Message History

Damage: -8%(-5hp) hp: 76%(47hp)
You closely miss the frilled lizard.
The adder bites you but does no damage. x2
The ball python barely misses you. The frilled lizard barely misses you.
The adder bites you but does no damage.
You sock the frilled lizard! You burn the frilled lizard.
The frilled lizard explodes!
The fiery explosion engulfs you! You resist.
The fiery explosion engulfs the adder.
The adder explodes!
The fiery explosion engulfs the adder.
The adder explodes!
The fiery explosion engulfs you! You resist.
* * * LOW HITPOINT WARNING * * *
The fiery explosion engulfs the ball python.
The ball python explodes!
The fiery explosion engulfs you! You resist.
* * * LOW HITPOINT WARNING * * *
You hear a splash. x2
The fiery explosion engulfs you! You resist.
You die...

.#≈≈≈≈≈≈≈≈≈≈≈≈≈≈≈#...##
###################### #
# ################## #
..≈≈≈≈≈≈≈≈≈≈≈≈§§@#(###
..≈≈≈≈≈≈≈≈≈≈≈≈§§§§§.(##
..≈≈≈≈≈≈≈≈≈≈≈≈§§§§§...#
.≈≈≈≈≈≈≈≈≈≈≈≈≈≈≈(((((..#
..≈≈#≈≈≈≈≈≈≈#≈≈≈≈......#
.#≈≈≈≈≈≈.≈≈≈≈≈≈≈≈......#
###################....#
#..(# #(.


There were no monsters in sight!

Vanquished Creatures
  A scorpion (shapeshifter) (D:3)
  3 adders
  2 river rats (Sewer)
  An ooze (Sewer)
  2 worms (D:2)
  2 leopard geckos
  3 ball pythons
  A giant cockroach (D:2)
  7 hobgoblins
  A quokka (D:3)
  2 bats
  5 frilled lizards
  A goblin (D:1)
  3 kobolds (D:2)
  18 rats
52 creatures vanquished.

Notes
Turn   | Place    | Note
-------+----------+-------------------------------------------
     0 | D:1      | Monsterracer the Ogre Chaos Knight began the quest for the Orb.
     0 | D:1      | Reached XP level 1. HP: 24/24 MP: 1/1
     6 | D:1      | XOM: silly message
   366 | D:1      | Reached XP level 2. HP: 28/32 MP: 2/2
   646 | D:1      | XOM: give mutations
   646 | D:1      | Gained mutation: You are robust. (+10% HP) [Xom's grace]
   646 | D:1      | Gained mutation: You have large cloven feet. [Xom's grace]
   726 | D:1      | XOM: polymorph giant cockroach -> ball python
  1076 | D:2      | Reached XP level 3. HP: 26/44 MP: 3/3
  1593 | D:2      | XOM: scenery: create altars
  1732 | D:3      | XOM: 1-stop teleportation journey
  1764 | D:3      | Noticed Purgy
  1770 | D:3      | Reached skill level 5 in Fighting
  1770 | D:3      | Reached skill level 1 in Throwing
  1783 | D:3      | Noticed Purgy
  1783 | D:3      | Purgy changed into Purgy the scorpion
  1783 | D:3      | XOM: polymorph Purgy -> Purgy the scorpion
  1791 | D:3      | XOM: destruction
  1794 | D:3      | XOM: fog
  1803 | D:3      | XOM: enchant monster (good)
  1809 | D:3      | Killed Purgy the scorpion
  1809 | D:3      | Reached XP level 4. HP: 13/55 MP: 4/4
  1983 | D:3      | Found a glowing drain.
  2008 | Sewer    | Entered a sewer
  2070 | Sewer    | Reached skill level 5 in Maces & Flails
  2308 | Sewer    | Reached XP level 5. HP: 62/62 MP: 5/5
  2342 | Sewer    | XOM: give mutations
  2342 | Sewer    | Gained mutation: You have a pair of small antennae on your head. [Xom's grace]
  2342 | Sewer    | Gained mutation: You are covered in fur. (AC +1) [Xom's grace]
  2342 | Sewer    | Gained mutation: You have a pair of antennae on your head. [Xom's grace]
  2342 | Sewer    | Gained mutation: Your muscles are strong. (Str +2) [Xom's grace]
  2395 | Sewer    | Killed from afar by an adder

Skill      XL: |  1  2  3  4 |
---------------+-------------+-----
Fighting       | 5 |  5.6
Throwing       | 1 |  1.5
Maces & Flails | 5 |  5.3
Dodging        | |  2.7

Action                   |  1- 3 |  4- 6 || total
-------------------------+-------+-------++-------
Melee: Mace              |   115 |    56 ||   171
       Kick              |    16 |     6 ||    22
Throw: Stone             |    55 |    28 ||    83
  Use: Scroll            |     6 |     4 ||    10
 Stab: Petrified         |     1 |       ||     1
  Eat: Chunk             |     3 |     2 ||     5
Armor: Robe              |    43 |    32 ||    75
Dodge: Dodged            |    55 |    49 ||   104
